 Dungeon Crawl Stone Soup version 0.28.0-43-g3370ac3207 (webtiles) character file.

Game seed: 16357507211442018887

394 Aksej the Cudgeller (level 6, -8/49 HPs)
             Began as a Demonspawn Monk on Feb 28, 2022.
             Was a Believer of Wu Jian.
             Mangled by an ice beast (10 damage)
             ... on level 5 of the Dungeon.
             The game lasted 00:08:46 (4605 turns).

Aksej the Cudgeller (Demonspawn Monk)               Turns: 4605, Time: 00:08:46

Health: -8/49      AC:  5    Str: 11    XL:     6   Next: 52%
Magic:  6/6        EV: 13    Int: 18    God:    Wu Jian [**....]
Gold:   190        SH:  0    Dex: 17    Spells: 5/5 levels left

rFire   . . .      SeeInvis .   a - +2 whip (elec)
rCold   . . .      Faith    .   (no shield)
rNeg    . . .      Spirit   .   f - +0 robe
rPois   .          Reflect  .   (helmet restricted)
rElec   .          Harm     .   (no cloak)
rCorr   .          Rampage  .   (no gloves)
Will    +....                   e - +0 pair of boots
Stlth   ++........              (no amulet)
HPRegen 0.16/turn               g - +6 ring of intelligence
MPRegen 0.10/turn               (no ring)

@: mighty
A: antennae 2, thin metallic scales 1, strong-willed 1, mutation resistance 1
a: Renounce Religion, Wall Jump


You were on level 5 of the Dungeon.
You worshipped Wu Jian.
Wu Jian was pleased with you.
You visited 1 branch of the dungeon, and saw 5 of its levels.

You collected 190 gold pieces.

Inventory:

Hand Weapons
 a - a +2 whip of electrocution (weapon)
 b - a +2 whip of draining
Missiles
 d - 50 arrows
 l - 5 boomerangs (quivered)
Armour
 e - a +0 pair of boots (worn)
 f - a +0 robe (worn)
Jewellery
 g - a +6 ring of intelligence (left hand)
 k - an amulet of reflection
Scrolls
 h - 2 scrolls of teleportation
Potions
 i - a potion of cancellation
 j - a potion of flight {unknown}
 m - a potion of haste {unknown}


   Skills:
 * Level 4.4 Fighting
 + Level 4.6 Maces & Flails
 + Level 0.7 Throwing
 + Level 3.6 Dodging
 + Level 3.3 Stealth


You had 5 spell levels left.
You didn't know any spells.
Your spell library contained the following spells:

 Spells                   Type           Power      Damage    Failure   Level
 Pain                     Necr           0%         1d4       22%         1
 Call Canine Familiar     Summ           0%         N/A       54%         3
 Portal Projectile        Hex/Tloc       0%         N/A       54%         3
 Leda's Liquefaction      Hex/Erth       0%         N/A       91%         4
 Agony                    Necr           0%         N/A       99%         5
 Excruciating Wounds      Necr           0%         N/A       99%         5


Dungeon Overview and Level Annotations

Branches:
Dungeon (5/15)
 Temple: D:4-7

Altars:
Gozag
Ru
Wu Jian

Annotations:
D:3 2 transporters, doomsgape's ghost, amateur MiHu


Innate Abilities, Weirdness & Mutations

You have a pair of antennae on your head.
You are partially covered in thin metallic scales. (AC +2)
You are strong-willed. (Will+)
You are somewhat resistant to further mutation.


Message History

The ice beast hits you but does no damage.
You hit the ice beast.
Lightning courses through the ice beast!
The ice beast is heavily wounded.
The ice beast hits you but does no damage.
You closely miss the ice beast.
The ice beast is heavily wounded.
A nearby plant withers and dies.
The ice beast barely misses you.
You hit the ice beast.
The ice beast is severely wounded.
A nearby plant withers and dies.
The ice beast barely misses you.
You hit the ice beast.
The ice beast is severely wounded.
The ice beast hits you but does no damage.
You hit the ice beast but do no damage.
The ice beast is severely wounded.
The ice beast hits you but does no damage.
You hit the ice beast.
The ice beast is almost dead.
The ice beast barely misses you.
You closely miss the ice beast.
The ice beast is almost dead.
You barely miss the ice beast.
The ice beast is almost dead.
The ice beast hits you. The ice beast freezes you!
You barely miss the ice beast.
The ice beast is severely wounded.
The ice beast hits you. The ice beast freezes you!
You hit the ice beast.
The ice beast is almost dead.
The ice beast hits you. The ice beast freezes you!
* * * LOW HITPOINT WARNING * * *
You feel very mighty all of a sudden.
The ice beast hits you but does no damage.
You closely miss the ice beast.
The ice beast is almost dead.
The ice beast hits you.
* * * LOW HITPOINT WARNING * * *
The ice beast freezes you!
You die...

#. <..######..##
.. ............#
.. P...P.P....## .
♣♣..P♣♣♣....## ..
♣...♣ ♣..##.#
P.P♣♣♣P..♣♣♣..#.##
P...P..........#
...............#
P...P.Y@......##
P..♣♣♣...♣♣♣P.#
♣P..♣ ♣..# ♣P..♣
♣..# ...... P...
.............
.PPP...P.P..##
♣♣♣P.P♣♣♣


You could see an ice beast.

Vanquished Creatures
  A scorpion (D:2)
  A water moccasin skeleton (D:4)
  A centaur zombie (D:5)
  A centaur skeleton (D:4)
  2 hound skeletons (D:4)
  8 adders
  4 gnolls (D:2)
  2 adder skeletons
  A worm (D:3)
  2 dart slugs (D:1)
  An orc (D:4)
  6 ball pythons
  5 endoplasms
  2 giant cockroaches
  8 goblins
  10 hobgoblins
  6 jackals
  3 quokkas
  4 frilled lizards
  9 kobolds
  A rat (D:1)
78 creatures vanquished.

Vanquished Creatures (others)
  9 plants (D:5)
9 creatures vanquished.

Grand Total: 87 creatures vanquished

Notes
Turn   | Place    | Note
-------+----------+-------------------------------------------
     0 | D:1      | Aksej the Demonspawn Monk began the quest for the Orb.
     0 | D:1      | Reached XP level 1. HP: 18/18 MP: 1/1
   113 | D:1      | Found a faded altar of an unknown god.
   354 | D:1      | Gained mutation: You have a pair of small antennae on your
                  | head. [demonic ancestry]
   354 | D:1      | Reached XP level 2. HP: 23/24 MP: 2/2
   900 | D:1      | Reached XP level 3. HP: 21/29 MP: 3/3
  1779 | D:2      | Gained mutation: You are partially covered in thin metallic
                  | scales. (AC +2) [demonic ancestry]
  1779 | D:2      | Reached XP level 4. HP: 36/36 MP: 4/4
  1895 | D:2      | You fall into a shaft and drop 2 floors!
  2022 | D:4      | Noticed a scorpion
  2052 | D:2      | Killed a scorpion
  2053 | D:2      | Reached XP level 5. HP: 29/42 MP: 5/5
  2710 | D:2      | Gained mutation: You expend magic power (3 MP) to
                  | strengthen your wands. [potion of mutation]
  2710 | D:2      | Lost mutation: You expend magic power (3 MP) to strengthen
                  | your wands. [potion of mutation]
  2710 | D:2      | Gained mutation: You have sharp toenails. [potion of
                  | mutation]
  2711 | D:2      | Lost mutation: You have sharp toenails. [potion of
                  | mutation]
  2711 | D:2      | Gained mutation: You are somewhat resistant to further
                  | mutation. [potion of mutation]
  2711 | D:2      | Gained mutation: You are strong-willed. (Will+) [potion of
                  | mutation]
  2751 | D:3      | Found an opulent altar of Gozag.
  2763 | D:3      | Found a sacrificial altar of Ru.
  3164 | D:3      | Found a transporter.
  3189 | D:3      | Found a transporter.
  3193 | D:3      | Noticed doomsgape's ghost (amateur MiHu)
  3826 | D:4      | Gained mutation: You have a pair of antennae on your head.
                  | [demonic ancestry]
  3826 | D:4      | Reached XP level 6. HP: 29/48 MP: 6/6
  4446 | D:4      | Found an ornate altar of the Wu Jian Council.
  4454 | D:4      | Became a worshipper of the Wu Jian Council
  4454 | D:4      | Reached * piety under Wu Jian
  4454 | D:4      | Reached ** piety under Wu Jian
  4539 | D:5      | Entered Level 5 of the Dungeon
  4588 | D:5      | Noticed an ice beast
  4605 | D:5      | HP: 2/49 [ice beast (4)]
  4605 | D:5      | Mangled by an ice beast

Illustrated notes

Levels and vault maps discovered:
D:1:      minmay_arrival_diagonal_passages, layout_basic,
          hellmonk_ecumenical_altar_crossroads, minmay_misc_feat_ornament
D:2:      layout_basic
D:3:      layout_basic, amethyst_overflow_temple_binary,
          gammafunk_ghost_stat_death
D:4:      layout_basic, lemuel_coloured_pillars_altar, minivault_4
D:5:      layout_loops_cross, kennysheep_boxes, uniq_ijyb

Skill      XL: |  1  2  3  4  5 |
---------------+----------------+-----
Maces & Flails | 3 4 |  4.6
Dodging        | 3 |  3.6
Stealth        | 2 3 |  3.3
Fighting       | 4 |  4.4
Throwing       | |  0.7

Action                   |  1- 3 |  4- 6 || total
-------------------------+-------+-------++-------
Melee: Mace              |   101 |    67 ||   168
       Punch             |     1 |       ||     1
       Whip              |       |   123 ||   123
Throw: Boomerang         |       |    17 ||    17
  Use: Scroll            |     4 |     4 ||     8
       Potion            |     1 |     3 ||     4
 Stab: Sleeping          |     6 |     8 ||    14
Armor: Robe              |    23 |    66 ||    89
Dodge: Dodged            |    82 |   130 ||   212
